Map: Hard Lead LE

Players

Subwayeatn

  • Race: Zerg Zerg
  • League: Platinum
  • Spawn Location: 11:00

IIIllIIlII - Winner!

  • Race: Zerg Zerg
  • League: Diamond
  • Spawn Location: 5:00

VOD

Have the link to the VOD?

Description

Time

  • Played on: Oct. 19, 2023, 9:06 p.m.
  • Length: 4:46
Show
View Real Time Build Order
Export as new Build Order

Subwayeatn Zerg 

Build Orders: Pool First 

Get SALT Encoding   

  12  0:23  Spawning Pool  
  12  0:26  Drone x2  
  13  0:30  Drone  
  14  0:40  Overlord  
  14  1:07  Hatchery  
  13  1:13  Zergling x2  
  13  1:14  Zergling x2  
  13  1:15  Zergling x2  
  16  1:25  Zergling x2  
  17  1:36  Zergling x2  
  18  1:41  Queen  
  18  1:46  Overlord  
  20  1:59  Drone  
  21  2:13  Zergling x2  
  22  2:19  Queen  
  20  2:41  Zergling x8  
  20  2:42  Zergling x4  
  25  3:13  Hatchery  
  23  3:27  Drone  
  23  3:28  Drone x6  
  23  3:33  Extractor  
  29  3:34  Extractor  
  28  3:47  Drone x4  
  32  4:02  Overlord  
Show
View Real Time Build Order
Export as new Build Order

IIIllIIlII Zerg - Winner!

Build Orders: Hatch First 

Get SALT Encoding   

  12  0:01  Drone  
  13  0:09  Drone  
  14  0:19  Overlord  
  14  0:37  Drone x2  
  14  0:38  Drone  
  17  0:57  Hatchery  
  17  0:59  Drone  
  17  1:01  Drone  
  18  1:13  Extractor  
  18  1:16  Spawning Pool  
  18  1:18  Drone  
  17  1:21  Drone  
  18  1:36  Drone  
  19  2:04  Zergling x4  
  19  2:05  Zergling x2  
  22  2:10  Zergling x2  
  22  2:14  Queen x2  
  26  2:34  Zergling x2  
  26  2:35  Zergling x6  
  26  2:46  Drone, Spine Crawler  
  26  2:47  Drone  
  26  2:49  Metabolic Boost  
  27  3:04  Drone  
  28  3:06  Overlord x2  
  28  3:20  Overlord  
  28  3:21  Overlord  
  27  3:36  Drone x4  
  27  3:37  Drone x2  
  27  3:40  Drone  
  34  3:54  Roach Warren  
Tags
 
Add a new tag
Caveats
  • Supply blocks, unpowered buildings, or Contaminate may cause inaccurate times.
  • Supply counts are checked every 10 seconds.